 Dungeon Crawl Stone Soup version 0.21.1 (webtiles) character file.

2324 KamiKatze the Destroyer (level 9, 0/45 HPs)
             Began as a Deep Elf Conjurer on Feb 4, 2018.
             Was a Believer of Vehumet.
             Slain by a two-headed ogre
             ... wielding a +0 giant club
              (17 damage)
             ... on level 8 of the Dungeon on Feb 5, 2018.
             The game lasted 00:36:18 (7241 turns).

KamiKatze the Destroyer (Deep Elf Conjurer)         Turns: 7241, Time: 00:36:19

Health: 0/45       AC:  6    Str:  5    XL:     9   Next: 19%
Magic:  19/23      EV: 13    Int: 24    God:    Vehumet [**....]
Gold:   368        SH:  7    Dex: 18    Spells: 6/24 levels left

rFire    . . .     SeeInvis .   a - +2 dagger (speed)
rCold    . . .     Gourm    .   u - +1 buckler
rNeg     . . .     Faith    +   g - +0 robe
rPois    .         Spirit   .   D - +0 helmet
rElec    .         Reflect  .   t - +0 cloak
rCorr    .         Harm     .   E - +0 pair of gloves
MR       .....                  m - +0 pair of boots
Stlth    ++........             p - amulet of faith
HPRegen  0.15/turn              j - +3 ring of dexterity
MPRegen  0.18/turn              (no ring)

@: very slightly contaminated
A: no striking features
a: Renounce Religion


You were on level 8 of the Dungeon.
You worshipped Vehumet.
Vehumet was pleased with you.
You were not hungry.

You visited 2 branches of the dungeon, and saw 9 of its levels.
You also visited: Ossuary.

You collected 368 gold pieces.

Inventory:

Hand Weapons
 a - a +2 dagger of speed (weapon)
 b - a +0 blowgun
Missiles
 s - 3 curare-tipped needles
Armour
 g - a +0 robe (worn)
 m - a +0 pair of boots (worn)
 t - a +0 cloak (worn)
 u - a +1 buckler (worn)
 D - a +0 helmet (worn)
 E - a +0 pair of gloves (worn)
Jewellery
 j - a +3 ring of dexterity (left hand)
 p - an amulet of faith (around neck)
Wands
 B - a wand of digging (11)
Scrolls
 e - 3 scrolls of remove curse
 f - a scroll of enchant armour
 n - a scroll of teleportation
 o - 4 scrolls of enchant weapon
 r - a scroll of amnesia
Potions
 h - a potion of flight
 i - 2 potions of cancellation
 k - 5 potions of curing
 l - a potion of brilliance
 q - a potion of mutation
 v - a potion of invisibility
 w - 2 potions of agility
 x - 2 potions of haste
 z - a potion of resistance
 A - 5 potions of heal wounds
 G - 2 potions of might
 I - a potion of berserk rage {unknown}
Books
 d - a book of Conjurations

   Spells                             Type                      Level
   a - Magic Dart                     Conjuration                  1
   b - Searing Ray                    Conjuration                  2
   c - Dazzling Spray                 Conjuration/Hexes            3
   d - Fulminant Prism                Conjuration/Hexes            4
   e - Force Lance                    Conjuration/Translocation    4
   f - Iskenderun's Mystic Blast      Conjuration                  4
 y - a book of Maledictions

   Spells                             Type                      Level
   a - Corona                         Hexes                        1
   b - Ensorcelled Hibernation        Hexes/Ice                    2
   c - Confuse                        Hexes                        3
   d - Tukima's Dance                 Hexes                        3
   e - Dazzling Spray                 Conjuration/Hexes            3
 H - a book of Power

   Spells                             Type                      Level
   a - Iskenderun's Battlesphere      Conjuration/Charms           5
   b - Venom Bolt                     Conjuration/Poison           5
   c - Bolt of Magma                  Conjuration/Fire/Earth       5
   d - Iron Shot                      Conjuration/Earth            6
   e - Orb of Destruction             Conjuration                  7
   f - Spellforged Servitor           Conjuration/Summoning        7
Comestibles
 c - 8 rations


   Skills:
 - Level 2.4 Dodging
 - Level 2.4 Stealth
 + Level 5.9 Shields
 * Level 8.1 Spellcasting
 * Level 8.5 Conjurations
 + Level 5.1 Hexes
 + Level 1.9 Translocations


You had 6 spell levels left.
You knew the following spells:

 Your Spells              Type           Power        Failure   Level  Hunger
a - Magic Dart            Conj           ####         1%          1    None
b - Searing Ray           Conj           ######       1%          2    None
c - Dazzling Spray        Conj/Hex       #####.       1%          3    None
d - Iskenderun's Mystic   Conj           ######..     1%          4    ##.....
e - Fulminant Prism       Conj/Hex       #####.....   3%          4    ##.....
f - Force Lance           Conj/Tloc      ####....     8%          4    ##.....


Dungeon Overview and Level Annotations

Branches:
Dungeon (8/15)             Temple (1/1) D:5
   Lair: D:8-11

Altars:
Ashenzari
Dithmenos
Elyvilon
Gozag
Makhleb
Nemelex Xobeh
Qazlal
Ru
Trog
Uskayaw
Vehumet
Xom
Yredelemnul
The Shining One


Message History

You see here 24 stones.
Your magical contamination has completely faded away.
There is a stone staircase leading down here.
You start resting.
Magic restored.
You climb downwards.
A two-headed ogre comes into view. It is wielding two giant clubs.
The two-headed ogre hits you with a giant club!
The two-headed ogre hits you with a giant club!!
There is a stone staircase leading up, spattered with blood here.
Casting: Searing Ray
Confirm with . or Enter, or press ? or * to list all spells.
Aiming: Force Lance
Press: ? - help, Shift-Dir - straight line, f - two-headed ogre
Aim: a two-headed ogre, wielding two giant clubs You miscast Force Lance.
You are very lightly contaminated with residual magic.
You feel a wrenching sensation.
The two-headed ogre hits you with a giant club!
You die...

.. ..... ..
.... .###.#.
..... . ....
... ..# #
..#..##.#.##...
......O@.......
...............
..#..#..#......
#. #..#....#.
.. .... .....
.. .#... ...#.
. ..... .... .
#.... ..##


You could see a two-headed ogre.

Vanquished Creatures
  2 hippogriffs
  A hungry ghost (D:7)
  An ice beast (D:7)
  An orc warrior (D:6)
  5 ogres
  A centaur (D:3)
  2 bullfrogs
  A water moccasin skeleton (D:5)
  A centaur zombie (D:7)
  3 crimson imps
  5 orc priests
  3 hounds
  4 orc wizards
  4 iguanas
  4 worker ants
  A hound zombie (D:6)
  A hound skeleton (D:4)
  2 howler monkey zombies
  3 mummies (Ossuary)
  7 adders
  2 shadow imps (D:7)
  5 adder zombies
  6 worms
  A dart slug (D:1)
  2 leopard geckos (D:4)
  14 orcs
  5 bats
  3 giant cockroaches
  8 goblins
  7 hobgoblins
  5 jackals (D:5)
  2 quokkas
  A ball python (D:3)
  6 frilled lizards
  3 goblin zombies (Ossuary)
  4 hobgoblin zombies (Ossuary)
  6 kobolds
  2 kobold zombies (Ossuary)
  3 quokka zombies (Ossuary)
  4 rats
  2 rat zombies (Ossuary)
143 creatures vanquished.

Vanquished Creatures (others)
  18 fulminant prisms
18 creatures vanquished.

Grand Total: 161 creatures vanquished

Notes
Turn   | Place    | Note
-------+----------+-------------------------------------------
     0 | D:1      | KamiKatze the Deep Elf Conjurer began the quest for the Orb.
     0 | D:1      | Reached XP level 1. HP: 10/10 MP: 6/6
   136 | D:1      | Reached XP level 2. HP: 15/15 MP: 0/8
   140 | D:1      | Learned a level 2 spell: Searing Ray
   621 | D:2      | Found a glowing golden altar of the Shining One.
   647 | D:2      | Reached skill level 5 in Conjurations
   716 | D:2      | Reached XP level 3. HP: 19/19 MP: 2/10
   723 | D:2      | Learned a level 3 spell: Dazzling Spray
  1472 | D:3      | Reached skill level 1 in Hexes
  1472 | D:3      | Reached XP level 4. HP: 24/24 MP: 7/12
  1478 | D:3      | Learned a level 4 spell: Iskenderun's Mystic Blast
  1765 | D:3      | Noticed a centaur
  1881 | D:2      | Reached skill level 1 in Shields
  1990 | D:3      | Reached XP level 5. HP: 28/28 MP: 8/13
  2365 | D:3      | Killed a centaur
  2445 | D:4      | Reached XP level 6. HP: 12/32 MP: 4/14
  2623 | D:4      | Noticed a hippogriff
  2785 | D:4      | Found a hide-covered altar of Uskayaw.
  2785 | D:4      | Found a burning altar of Makhleb.
  2786 | D:4      | Found a stormy altar of Qazlal.
  2800 | D:4      | Found an opulent altar of Gozag.
  3337 | D:3      | Killed a hippogriff
  3566 | D:4      | Reached XP level 7. HP: 36/36 MP: 12/15
  3712 | D:4      | Reached skill level 5 in Shields
  3938 | D:4      | Learned a level 4 spell: Fulminant Prism
  4116 | D:5      | Entered Level 5 of the Dungeon
  4116 | D:5      | Found a staircase to the Ecumenical Temple.
  4125 | Temple   | Entered the Ecumenical Temple
  4137 | Temple   | Became a worshipper of Vehumet
  4196 | D:5      | Found a sand-covered staircase.
  4227 | Ossuary  | Entered an ossuary
  4458 | Ossuary  | Reached skill level 5 in Spellcasting
  4564 | Ossuary  | Reached * piety under Vehumet
  4564 | Ossuary  | Offered knowledge of Flame Tongue by Vehumet.
  4779 | D:5      | Got an ancient quarterstaff
  5404 | D:5      | Reached XP level 8. HP: 27/41 MP: 13/18
  6245 | D:6      | Learned a level 4 spell: Force Lance
  6513 | D:7      | Reached ** piety under Vehumet
  6537 | D:7      | Offered knowledge of Freeze by Vehumet.
  6630 | D:7      | Reached skill level 1 in Translocations
  6735 | D:7      | Found a sacrificial altar of Ru.
  6758 | D:7      | Noticed a hippogriff
  6818 | D:6      | Killed a hippogriff
  6818 | D:6      | Reached XP level 9. HP: 42/45 MP: 3/22
  7102 | D:8      | Reached skill level 5 in Hexes
  7240 | D:8      | Noticed a two-headed ogre
  7241 | D:8      | Slain by a two-headed ogre

Skill      XL: |  1  2  3  4  5  6  7  8  9 |
---------------+----------------------------+-----
Conjurations   | 5 6 8 |  8.5
Spellcasting   | 4 5 7 8 |  8.1
Hexes          | 1 3 4 5 |  5.1
Shields        | 1 3 4 5 |  5.9
Translocations | 1 |  1.9
Dodging        | |  2.4
Stealth        | |  2.4

Action                   |  1- 3 |  4- 6 |  7- 9 || total
-------------------------+-------+-------+-------++-------
Melee: Dagger            |     7 |     5 |    17 ||    29
 Cast: Magic Dart        |    51 |    58 |   139 ||   248
       Searing Ray       |     6 |     9 |    27 ||    42
       Dazzling Spray    |       |    10 |     3 ||    13
       Fulminant Prism   |       |       |    18 ||    18
       Force Lance       |       |       |     5 ||     5
       Iskenderun's Myst |       |       |     2 ||     2
  Use: Scroll            |       |     7 |    15 ||    22
       Potion            |       |     1 |       ||     1
 Stab: Invisible         |       |     1 |       ||     1
  Eat: Chunk             |     1 |     4 |     9 ||    14
       Ration            |       |     1 |     2 ||     3
Armor: Robe              |     2 |     2 |    13 ||    17
Dodge: Dodged            |     5 |    32 |    55 ||    92
Block: Buckler           |       |     6 |    20 ||    26
